 Dungeon Crawl Stone Soup version 0.16.1-28-gcc2312f (webtiles) character file.

33567 hemol the Bludgeoner (level 13, -1/125 HPs)
             Began as a Minotaur Fighter on May 24, 2015.
             Was a High Priest of Qazlal.
             Succumbed to Rupert's poison
             ... on level 3 of the Lair of Beasts.
             The game lasted 01:19:46 (14876 turns).

hemol the Bludgeoner (Minotaur Fighter)            Turns: 14876, Time: 01:19:46

Health: -1/125     AC: 25    Str: 19    XL:     13   Next: 37%
Magic:  31/31      EV: 12    Int:  5    God:    Qazlal [*****.]
Gold:   1807       SH:  6    Dex: 18    Spells: 0 memorised, 12 levels left

rFire  . . .     SeeInvis .     Y - +8 battleaxe of Mniot {chop, rElec rF- rN+ MP+9 Str-4}
rCold  x . .     Clarity  .     E - +0 plate armour
rNeg   + . .     SustAb   .     (no shield)
rPois  +         Gourm    .     (helmet restricted)
rElec  +         Spirit   .     C - +2 cloak {+Inv}
rCorr  .         Warding  .     r - +0 pair of gloves
rMut   .         Stasis   .     W - +0 pair of boots
MR     .....                    l - amulet of regeneration
Stlth  ..........               K - ring of poison resistance
                                M - ring of fire

@: agile, lethally poisoned (-1 -> -29), protected from physical damage, repel
missiles, not resistant to hostile enchantments, extremely unstealthy
A: retaliatory headbutt, horns 2
a: Upheaval, Elemental Force, Disaster Area, Renounce Religion, Evoke
Invisibility


You were on level 3 of the Lair of Beasts.
You worshipped Qazlal.
Qazlal was extremely pleased with you.
You were not hungry.

You visited 3 branches of the dungeon, and saw 18 of its levels.
You also visited: Ice Cave and Volcano.

You collected 2223 gold pieces.
You spent 416 gold pieces at shops.

Inventory:

Hand weapons
 D - a +1 flail of protection
 Y - the +8 battleaxe of Mniot (weapon) {chop, rElec rF- rN+ MP+9 Str-4}
   (You found it on level 2 of the Lair of Beasts)

   It inflicts extra damage upon your enemies.
   It affects your strength (-4).
   It makes you vulnerable to fire.
   It insulates you from electricity.
   It protects you from negative energy.
   It affects your magic capacity (+9).
Armour
 c - a +0 shield
 r - a +0 pair of gloves (worn)
 C - a +2 cloak of invisibility (worn)
 E - a +0 plate armour (worn)
 W - a +0 pair of boots (worn)
Jewellery
 a - the ring of the Original Sin {rElec rN+ Int-3 SInv}
   (You found it on level 11 of the Dungeon)

   [ring of see invisible]

   It affects your intelligence (-3).
   It insulates you from electricity.
   It protects you from negative energy.
   It enhances your eyesight.
 l - an amulet of regeneration (around neck)
 A - an uncursed ring of positive energy
 I - an uncursed ring of ice
 K - a ring of poison resistance (right hand)
 M - a ring of fire (left hand)
 P - an uncursed amulet of resist mutation
Magical devices
 y - a wand of lightning (5)
 O - a wand of digging (0)
 R - a wand of disintegration (10)
Scrolls
 b - a scroll of blinking {unknown}
 g - a scroll of fear {unknown}
 k - 3 scrolls of recharging
 n - 3 scrolls of magic mapping
 o - 6 scrolls of teleportation
 p - 4 scrolls of enchant armour
 q - a scroll of random uselessness {unknown}
 v - 4 scrolls of enchant weapon {unknown}
 F - 8 scrolls of remove curse
 G - 2 scrolls of fog {unknown}
 Q - a scroll of vulnerability {unknown}
 T - a scroll of torment {unknown}
Potions
 e - 4 potions of might
 f - 3 potions of curing
 h - a potion of berserk rage
 j - 2 potions of agility
 m - a potion of cure mutation
 s - 3 potions of ambrosia
 t - 3 potions of flight
 u - a potion of invisibility
 w - 3 potions of beneficial mutation
 x - a potion of brilliance {unknown}
 B - 3 potions of mutation
 H - a potion of heal wounds
 S - 3 potions of lignification
 U - a potion of haste
 V - a potion of restore abilities
 X - a potion of resistance {unknown}
 Z - a potion of cancellation
Comestibles
 d - 9 bread rations
 i - 3 beef jerkies
 z - 8 meat rations
 J - a chunk of flesh
 L - 34 fruits
 N - 15 royal jellies


   Skills:
 + Level 14.8 Fighting
 * Level 1.4(10.2) Axes
 - Level 15.0 Maces & Flails
 + Level 13.5 Armour
 - Level 3.6 Shields
 + Level 9.0 Invocations


You had 12 spell levels left.
You didn't know any spells.

Dungeon Overview and Level Annotations

Branches:
Dungeon (12/15)            Temple (0/1) D:4            Lair (3/8) D:9
    Orc (3/4) D:12            Elf (0/3) Orc:3
  Swamp: Lair:3-6    Shoals: Lair:3-6     Snake: Lair:3-6    Spider: Lair:3-6

Altars:
Fedhas
Makhleb
Nemelex Xobeh
Okawaru
Qazlal
Ru
Trog
Vehumet
Xom
Zin

Shops:
D:5 (   D:6 (   Orc:3 *

Annotations:
D:8 exclusion: statue
Lair:3 Rupert


Innate Abilities, Weirdness & Mutations

You reflexively headbutt those who attack you in melee.
You have a pair of horns on your head.


Message History

You feel much better.
You feel sick.
The fungus is engulfed in roaring flames.
You destroy the fungus!
Rupert barely misses you.
Drink which item? (? for menu, Esc to quit)
You feel agile all of a sudden.
You feel sick.
Rupert hits you with a great mace of venom.
* * * LOW HITPOINT WARNING * * *
A black mamba comes into view.
You slash Rupert!
Rupert is heavily wounded.
You feel sick. Rupert completely misses you. You furiously retaliate!
You headbutt Rupert, but do no damage.
Rupert hits you with a great mace of venom!!
* * * LOW HITPOINT WARNING * * *
You are lethally poisoned!
You slash Rupert! You headbutt Rupert!
Rupert is severely wounded.
You die...

.$#
#.#..).
..#.... .
#.#.P.#
... $....
?.#....
#...§#
....#..§@#
..S>.>.†@#
...P...#.#
<.#.# .h.
.. <...# #
######


You could see Rupert (berserk), a black mamba and a black bear.

Vanquished Creatures
  A frost giant (IceCv)
  Josephine (D:12)
  Fannar (D:12)
  A hydra (Lair:1)
  The ghost of hemol the Basher, an experienced MiFi of the Shining One (D:9)
  Nergalle (Orc:2)
  An unseen horror (D:12)
  2 hill giants
  An ice statue (IceCv)
  Pikel (D:7)
  A cyclops (D:11)
  An orc knight (Orc:3)
  Maurice (D:8)
  Joseph (D:8)
  A black mamba (Lair:2)
  2 spiny frogs
  Psyche (D:8)
  A gargoyle (D:12)
  5 fire drakes (Volcano)
  A komodo dragon (Lair:1)
  3 trolls
  13 polar bears (IceCv)
  A two-headed ogre (D:10)
  Sonja (Orc:2)
  A queen bee (Lair:2)
  Grinder (D:6)
  A deep elf mage (D:9)
  15 yaks
  3 fire bats (Volcano)
  5 wraiths (D:12)
  Eustachio (D:7)
  A wyvern (D:12)
  A hungry ghost (D:12)
  9 wolves (IceCv)
  2 mottled dragons
  2 wargs (Orc:3)
  Menkaure (D:7)
  5 porcupines
  6 hippogriffs
  3 water moccasins
  A hell hound (Volcano)
  9 ice beasts
  2 slaves (D:7)
  12 ogres
  2 necrophages
  3 sky beasts
  3 black bears
  An eye of draining (D:12)
  15 orc warriors
  2 phantoms
  2 crocodiles (Lair:2)
  Sigmund (D:6)
  Duvessa (D:6)
  3 centaurs
  2 big kobolds (D:9)
  9 giant frogs
  A wyvern skeleton (D:6)
  6 scorpions
  30 killer bees
  4 electric eels
  12 wights (D:6)
  Dowan (D:6)
  A giant frog zombie (D:10)
  9 crimson imps
  2 goliath beetles
  22 orc priests
  A jelly (D:6)
  4 hounds
  2 quasits
  Crazy Yiuf (D:4)
  5 iguanas
  3 centaur skeletons
  21 orc wizards
  4 worker ants
  Ijyb (D:7)
  A hound skeleton (D:6)
  A hound zombie (D:6)
  A worker ant zombie (D:9)
  15 adders
  13 river rats (Lair:2)
  16 gnolls
  8 shadow imps
  3 worms (D:2)
  An orc zombie (D:7)
  An adder skeleton (D:4)
  An adder zombie (D:5)
  5 giant geckos
  2 oozes
  126 orcs
  2 ball pythons
  20 bats
  A bat zombie (D:7)
  4 giant cockroaches
  20 goblins
  14 hobgoblins
  8 jackals
  26 kobolds
  9 quokkas
  A giant gecko skeleton (D:7)
  A giant newt (D:2)
  2 jackal skeletons
  18 rats
  A bush (D:3)
  7 fungi
  5 plants
632 creatures vanquished.

Vanquished Creatures (others)
  A wolf (IceCv)
  A rat (D:9)
  5 toadstools (D:1)
7 creatures vanquished.

Grand Total: 639 creatures vanquished

Notes
Turn   | Place    | Note
--------------------------------------------------------------
     0 | D:1      | hemol, the Minotaur Fighter, began the quest for the Orb.
     0 | D:1      | Reached XP level 1. HP: 19/19 MP: 1/1
   188 | D:1      | Reached XP level 2. HP: 26/26 MP: 1/1
   664 | D:2      | Reached skill level 4 in Armour
   699 | D:2      | Reached XP level 3. HP: 31/31 MP: 2/2
  1357 | D:2      | Found a sparkling altar of Nemelex Xobeh.
  1378 | D:2      | Reached XP level 4. HP: 39/39 MP: 2/2
  2119 | D:3      | Reached skill level 5 in Maces & Flails
  2295 | D:3      | Reached XP level 5. HP: 32/45 MP: 2/2
  2702 | D:4      | Noticed Crazy Yiuf
  2711 | D:4      | Killed Crazy Yiuf
  2801 | D:4      | Found a stormy altar of Qazlal.
  2810 | D:4      | Became a worshipper of Qazlal Stormbringer
  2846 | D:4      | Reached skill level 6 in Maces & Flails
  2846 | D:4      | Reached skill level 5 in Armour
  2911 | D:4      | Noticed a centaur
  2921 | D:4      | Killed a centaur
  2921 | D:4      | Reached XP level 6. HP: 41/51 MP: 3/3
  2969 | D:4      | Found a staircase to the Ecumenical Temple.
  3014 | D:4      | Noticed an ogre
  3025 | D:4      | Killed an ogre
  3025 | D:4      | Reached skill level 7 in Maces & Flails
  3105 | D:4      | Found a bloodstained altar of Trog.
  3317 | D:5      | Entered Level 5 of the Dungeon
  3319 | D:5      | Found Chixetaj's Antique Weapon Boutique.
  3353 | D:5      | Reached XP level 7. HP: 55/57 MP: 3/3
  3398 | D:5      | Reached skill level 8 in Maces & Flails
  3410 | D:5      | Acquired Qazlal's first power
  3619 | D:5      | Paralysed by a gnoll for 6 turns
  3647 | D:5      | Found a shimmering altar of Xom.
  3894 | D:6      | Reached skill level 9 in Maces & Flails
  3899 | D:6      | Acquired Qazlal's second power
  3900 | D:6      | Noticed Grinder
  3927 | D:6      | Paralysed by Grinder for 2 turns
  3933 | D:6      | Killed Grinder
  3933 | D:6      | Reached XP level 8. HP: 61/64 MP: 3/3
  4048 | D:6      | Reached skill level 10 in Maces & Flails
  4106 | D:6      | Noticed Sigmund
  4111 | D:6      | Killed Sigmund
  4212 | D:6      | Found a burning altar of Makhleb.
  4398 | D:6      | Reached skill level 11 in Maces & Flails
  4589 | D:6      | Noticed Dowan
  4590 | D:6      | Noticed Duvessa
  4600 | D:6      | Killed Duvessa
  4628 | D:6      | Killed Dowan
  4719 | D:6      | Acquired Qazlal's third power
  4813 | D:6      | Reached XP level 9. HP: 65/70 MP: 4/4
  4876 | D:6      | Reached skill level 12 in Maces & Flails
  4951 | D:6      | Found Staoteur's Antique Weapon Boutique.
  5093 | D:7      | Reached skill level 1 in Invocations
  5147 | D:7      | Noticed Eustachio
  5156 | D:7      | Killed Eustachio
  5258 | D:7      | Noticed Menkaure
  5265 | D:7      | Killed Menkaure
  5265 | D:7      | Reached skill level 5 in Fighting
  5272 | D:7      | Noticed Pikel
  5279 | D:7      | Killed Pikel
  5283 | D:7      | Noticed Ijyb
  5289 | D:7      | Killed Ijyb
  5306 | D:7      | Found a glowing silver altar of Zin.
  5734 | D:8      | Noticed Maurice
  5759 | D:8      | Noticed Joseph
  5759 | D:8      | Found a radiant altar of Vehumet.
  5791 | D:8      | Killed Joseph
  5857 | D:8      | Reached XP level 10. HP: 84/84 MP: 10/10
  5920 | D:8      | Noticed Psyche
  5922 | D:8      | Found a sand-covered staircase.
  5966 | D:8      | Killed Psyche
  6013 | D:8      | Acquired Qazlal's fourth power
  6121 | D:8      | Found a sacrificial altar of Ru.
  6265 | D:8      | Found an iron altar of Okawaru.
  6357 | D:8      | Killed Maurice
  6611 | D:9      | Noticed hemol's ghost (experienced MiFi)
  6664 | D:9      | Killed hemol's ghost
  6664 | D:9      | Reached skill level 10 in Armour
  6857 | D:9      | Found a staircase to the Lair.
  6885 | D:9      | Reached skill level 13 in Maces & Flails
  6892 | D:9      | Noticed a hill giant
  6899 | D:9      | Killed a hill giant
  6930 | D:9      | Reached skill level 5 in Invocations
  7047 | D:9      | Found a blossoming altar of Fedhas.
  7050 | D:9      | Found a glowing silver altar of Zin.
  7738 | D:10     | Entered Level 10 of the Dungeon
  7899 | D:10     | Reached skill level 10 in Fighting
  7899 | D:10     | Reached XP level 11. HP: 99/99 MP: 13/13
  8528 | D:11     | Acquired Qazlal's fifth power
  8981 | D:11     | Got an ancient ivory ring
  8984 | D:11     | Identified the ring of the Original Sin {rElec rN+ Int-3 SInv} (You found it on level 11 of the Dungeon)
  9108 | D:12     | Noticed a hill giant
  9115 | D:12     | Killed a hill giant
  9732 | D:12     | Noticed Fannar
  9757 | D:12     | Killed Fannar
  9765 | D:12     | Noticed Josephine
  9784 | D:12     | Killed Josephine
  9954 | D:12     | Noticed an unseen horror
  9962 | D:12     | Killed an unseen horror
 10030 | D:12     | Found a staircase to the Orcish Mines.
 10077 | Orc:1    | Entered Level 1 of the Orcish Mines
 10300 | Orc:1    | Reached XP level 12. HP: 92/112 MP: 18/18
 10814 | Orc:2    | Reached skill level 14 in Maces & Flails
 11303 | Orc:3    | Found Chirerph's Assorted Antiques.
 11319 | Orc:3    | Found a staircase to the Elven Halls.
 11324 | Orc:3    | Bought 2 scrolls of identify for 128 gold pieces
 11324 | Orc:3    | Bought an opal ring for 160 gold pieces
 11324 | Orc:3    | Bought a scroll of identify for 64 gold pieces
 11324 | Orc:3    | Bought a scroll labeled YVYRON SIDD for 32 gold pieces
 11324 | Orc:3    | Bought a scroll labeled WIABAX ZAOSCH for 32 gold pieces
 11588 | Orc:2    | Noticed Sonja
 11802 | Orc:2    | Noticed Nergalle
 11813 | Orc:2    | Killed Nergalle
 11839 | Orc:2    | Killed Sonja
 12316 | Lair:1   | Entered Level 1 of the Lair of Beasts
 12668 | Lair:1   | Noticed a six-headed hydra
 12677 | Lair:1   | Killed a six-headed hydra
 13263 | Lair:2   | Found a frozen archway.
 13272 | IceCv    | Entered an ice cave
 13585 | IceCv    | Noticed a frost giant
 13607 | IceCv    | Killed a frost giant
 13607 | IceCv    | Reached XP level 13. HP: 98/125 MP: 21/21
 13660 | IceCv    | Got a slimy great sword
 13960 | Lair:2   | Found a dark tunnel.
 13965 | Volcano  | Entered a volcano
 14025 | Lair:2   | Identified the cursed +2 great sword "Hell-Harrower" {slice, Dex+2} (You found it in an ice cave)
 14287 | Lair:2   | Reached skill level 15 in Maces & Flails
 14532 | Lair:2   | Got a brightly glowing battleaxe
 14538 | Lair:2   | Identified the +8 battleaxe of Mniot {chop, rElec rF- rN+ MP+9 Str-4} (You found it on level 2 of the Lair of Beasts)
 14856 | Lair:3   | Noticed Rupert
 14857 | Lair:3   | Reached skill level 1 in Axes
 14857 | Lair:3   | Paralysed by Rupert for 4 turns
 14875 | Lair:3   | HP: 2/125 [Rupert/great mace of venom (22)]
 14876 | Lair:3   | Succumbed to Rupert's poison

Action                   |  1- 3 |  4- 6 |  7- 9 | 10-12 | 13-15 || total
-------------------------+-------+-------+-------+-------+-------++-------
Melee: Flail             |    98 |   234 |   372 |  1171 |   158 ||  2033
       Battleaxe         |       |       |       |       |    18 ||    18
Invok: Upheaval          |       |       |       |    18 |       ||    18
       Disaster Area     |       |       |       |       |     1 ||     1
Evoke: Wand              |       |       |       |     1 |     1 ||     2
  Use: Scroll            |       |     6 |     4 |    14 |     3 ||    27
       Potion            |       |       |     1 |     1 |     2 ||     4
 Stab: Invisible         |       |       |     2 |       |       ||     2
  Eat: Chunk             |     1 |     7 |    12 |    30 |     5 ||    55
       Pizza             |       |       |       |     1 |       ||     1
